 Dungeon Crawl Stone Soup version 0.18.1-50-g88ac8fd (webtiles) character file.

1509 FastMan the Cleaver (level 8, 38/75 HPs)
             Began as a Deep Dwarf Gladiator on Mar 26, 2017.
             Quit the game on level 5 of the Dungeon.
             The game lasted 00:09:27 (1593 turns).

FastMan the Cleaver (Deep Dwarf Gladiator)          Turns: 1593, Time: 00:09:28

Health: 38/75      AC:  7    Str: 19    XL:     8   Next: 53%
Magic:  6/6        EV: 11    Int:  9    God:
Gold:   80         SH:  0    Dex: 15    Spells: 0 memorised, 7 levels left

rFire  . . .     SeeInvis .     q - +0 battleaxe (curse)
rCold  . . .     Gourm    .     l - +0 scale mail (curse)
rNeg   . . .     Faith    .     (shield currently unavailable)
rPois  .         Spirit   .     c - +0 helmet
rElec  .         Dismiss  .     (no cloak)
rCorr  .         Reflect  .     (no gloves)
SustAt .         Harm     .     (no boots)
MR     +....                    (no amulet)
Stlth  ..........               (no ring)
                                s - ring of wizardry

@: non-regenerating, somewhat resistant to hostile enchantments, extremely
unstealthy
A: damage resistance, recharge devices, sense surroundings 1, slow regeneration
3
a: Device Recharging


You were on level 5 of the Dungeon.
You were very hungry.

You visited 1 branch of the dungeon, and saw 9 of its levels.

You collected 110 gold pieces.
You spent 30 gold pieces at shops.

Inventory:

Hand Weapons
 a - a +0 war axe
 q - a cursed +0 battleaxe (weapon)
Missiles
 v - a throwing net (quivered)
Armour
 c - a +0 helmet (worn)
 l - a cursed +0 scale mail (worn)
Jewellery
 s - a ring of wizardry (left hand)
Wands
 e - a wand of heal wounds (5/9)
 o - a wand of flame (33/48)
Scrolls
 d - a scroll of random uselessness {unknown}
 g - a scroll of remove curse {unknown}
 h - 2 scrolls of teleportation {unknown}
 i - 2 scrolls of fear
 j - 3 scrolls of identify {unknown}
 t - a scroll of fog {unknown}
Potions
 k - a potion of curing
 n - a potion of mutation {unknown}
 p - 2 potions of brilliance {unknown}
Comestibles
 b - 4 slices of pizza
 f - 2 bread rations
 m - 12 fruits
 r - a beef jerky
 u - 6 chunks of flesh


   Skills:
 - Level 5.4 Fighting
 * Level 10.3 Axes
 - Level 1.7 Throwing
 - Level 3.2 Dodging


You had 7 spell levels left.
You didn't know any spells.

Dungeon Overview and Level Annotations

Branches:
Dungeon (9/15)
 Temple: D:4-7         Lair: D:8-11         Orc: D:9-12

Altars:
Ru
Trog

Shops:
D:4 !


Innate Abilities, Weirdness & Mutations

You are resistant to damage.
You can recharge devices by infusing magical energy.
You passively map a small area around you.
You do not regenerate naturally.


Message History

Your scale mail prevents you from hitting the orc.
The orc is almost dead.
The orc hits you but does no damage. The orc completely misses you.
You closely miss the orc.
The orc is almost dead.
The orc barely misses you. The orc hits you but does no damage.
You closely miss the orc.
The orc is almost dead.
You slash the orc!
You kill the orc!
The orc hits you but does no damage.
You hit the orc.
You kill the orc!
Things that are here:
a hand axe; an orc corpse You butcher the orc corpse.
u - 6 chunks of flesh (gained 4)
You see here a hand axe.
Are you sure you want to abandon this character and quit the game? (Confirm with "yes".)

..., * ,
..., ,
*#.#* *
#.# , #.##
, * **
#######..,
,
#......?#
, ,
#.......#
#...()>@#
* *
#../.))†#
#.......#
**
#...?...#
* , *
####.##..,
*, * ,*
*#. #.##,*
.. #!# *
*, ... ...
, , ,


There were no monsters in sight!

Vanquished Creatures
  The ghost of FlagrantTooter the Firebug, a novice NaFE (D:4)
  A hippogriff (D:7)
  A water moccasin (D:7)
  A black bear (D:6)
  An ogre (D:8)
  2 centaurs
  A big kobold (D:7)
  3 wights (D:9)
  An orc priest (D:5)
  2 hounds
  2 orc wizards
  An iguana (D:8)
  4 worker ants
  2 hell rats (D:6)
  A worker ant zombie (D:6)
  A howler monkey zombie (D:5)
  2 adders (D:2)
  A howler monkey skeleton (D:8)
  3 river rats (D:6)
  2 oozes
  A dart slug (D:2)
  A giant gecko (D:6)
  16 orcs
  2 giant cockroaches (D:4)
  4 goblins
  A hobgoblin (D:2)
  2 quokkas (D:6)
  2 giant newts
  11 kobolds
  27 rats
100 creatures vanquished.

Notes
Turn   | Place    | Note
--------------------------------------------------------------
     0 | D:1      | FastMan the Deep Dwarf Gladiator began the quest for the Orb.
     0 | D:1      | Reached XP level 1. HP: 19/19 MP: 1/1
    76 | D:2      | Reached XP level 2. HP: 21/26 MP: 2/2
    79 | D:2      | Found a sacrificial altar of Ru.
   102 | D:2      | Reached skill level 4 in Axes
   134 | D:2      | Reached XP level 3. HP: 26/32 MP: 3/3
   216 | D:4      | Noticed FlagrantTooter's ghost (novice NaFE)
   232 | D:4      | Killed FlagrantTooter's ghost
   232 | D:4      | Reached skill level 6 in Axes
   232 | D:4      | Reached XP level 4. HP: 44/44 MP: 4/4
   232 | D:4      | Reached XP level 5. HP: 50/50 MP: 5/5
   232 | D:4      | Reached XP level 6. HP: 57/57 MP: 6/6
   239 | D:4      | Found Zanetru's Distillery.
   245 | D:4      | Bought a potion of curing for 30 gold pieces
   337 | D:4      | Reached skill level 7 in Axes
   439 | D:5      | Entered Level 5 of the Dungeon
   696 | D:6      | Reached XP level 7. HP: 42/64 MP: 6/6
   777 | D:7      | Noticed a hippogriff
   790 | D:7      | Reached skill level 8 in Axes
   795 | D:7      | Killed a hippogriff
   910 | D:6      | Found a bloodstained altar of Trog.
  1119 | D:8      | Reached skill level 5 in Fighting
  1119 | D:8      | Reached skill level 9 in Axes
  1119 | D:8      | Reached XP level 8. HP: 12/74 MP: 7/7
  1496 | D:7      | Reached skill level 10 in Axes
  1593 | D:5      | Quit the game

Skill      XL: |  1  2  3  4  5  6  7  8 |
---------------+-------------------------+-----
Fighting       | 2 3 4 5 |  5.4
Axes           | 4 6 7 9 10 | 10.3
Throwing       | |  1.7
Dodging        | |  3.2

Action                   |  1- 3 |  4- 6 |  7- 9 || total
-------------------------+-------+-------+-------++-------
Melee: War axe           |    36 |   145 |   145 ||   326
       Battleaxe         |       |       |    33 ||    33
Throw: Throwing net      |     5 |     7 |       ||    12
 Abil: Device Recharging |       |     1 |     1 ||     2
Evoke: Wand              |     3 |     2 |     5 ||    10
  Use: Potion            |       |     1 |       ||     1
       Scroll            |       |       |     1 ||     1
 Stab: Held in net/web   |     1 |     3 |       ||     4
  Eat: Chunk             |       |       |     2 ||     2
Armor: Leather armour    |     8 |    10 |       ||    18
       Scale mail        |       |    29 |    75 ||   104
Dodge: Dodged            |    15 |    67 |   117 ||   199
